 Dungeon Crawl Stone Soup version 0.24.0-2-g5b39cebb1c (webtiles) character file.

Game seed: 13976411564129752466, levelgen mode: deterministic

1185 ILIYAK777 the Slasher (level 7, 0/58 HPs)
             Began as a Demigod Fighter on Oct 31, 2019.
             Slain by a worker ant (2 damage)
             ... on level 6 of the Dungeon.
             The game lasted 00:34:01 (5721 turns).

ILIYAK777 the Slasher (Demigod Fighter)             Turns: 5721, Time: 00:34:02

Health: 0/58       AC: 10    Str: 21    XL:     7   Next: 99%
Magic:  9/9        EV:  8    Int: 12    God:
Gold:   160        SH: 10    Dex: 17    Spells: 6/6 levels left

rFire    + . .     SeeInvis .   F - +0 falchion
rCold    . . .     Gourm    .   c - +0 shield
rNeg     . . .     Faith    .   b - +0 scale mail
rPois    .         Spirit   .   s - +2 hat
rElec    .         Reflect  .   (no cloak)
rCorr    .         Harm     .   (no gloves)
MR       .....     Rnd*Tele +   u - +0 pair of boots
Stlth    ..........             D - amulet of inaccuracy (curse)
HPRegen  0.19/turn              e - ring of teleportation (curse)
MPRegen  0.11/turn              m - ring of protection from fire

@: lethally poisoned (0 -> 0)
A: high mp 1
a: no special abilities


You were on level 6 of the Dungeon.
You were not hungry.

You visited 1 branch of the dungeon, and saw 7 of its levels.
You also visited: Ossuary.

You collected 160 gold pieces.

Inventory:

Hand Weapons
 a - a +0 long sword
 l - a +3 dagger of venom
 F - a +0 falchion (weapon)
Missiles
 r - 23 poisoned darts (quivered)
Armour
 b - a +0 scale mail (worn)
 c - a +0 shield (worn)
 s - a +2 hat (worn)
 u - a +0 pair of boots (worn)
Jewellery
 e - a cursed ring of teleportation (left hand)
 h - an uncursed amulet of the gourmand
 i - a +2 ring of protection
 m - a ring of protection from fire (right hand)
 A - an uncursed amulet of rage
 D - a cursed amulet of inaccuracy (around neck)
Wands
 x - a wand of polymorph (10)
 y - a wand of random effects (14)
 z - a wand of digging (6)
Scrolls
 f - a scroll of fear {unknown}
 o - 9 scrolls of identify {unknown}
 p - 2 scrolls of immolation {unknown}
 q - 3 scrolls of remove curse {unknown}
 t - 5 scrolls of teleportation {unknown}
 v - 2 scrolls of magic mapping {unknown}
 w - 3 scrolls of amnesia {unknown}
 E - a scroll of fog {unknown}
Potions
 d - a potion of might
 g - a potion of mutation {unknown}
 k - 3 potions of lignification {unknown}
 n - 7 potions of curing {unknown}
 B - 2 potions of agility {unknown}
 C - 2 potions of berserk rage {unknown}
Comestibles
 j - 4 rations


   Skills:
 + Level 3.7 Fighting
 - Level 4.4(5.4) Short Blades
 * Level 4.7(5.5) Long Blades
 + Level 0.2 Throwing
 + Level 4.6 Armour
 + Level 1.5 Dodging
 + Level 4.5 Shields


You had 6 spell levels left.
You didn't know any spells.
Your spell library was empty.

Dungeon Overview and Level Annotations

Branches:
Dungeon (7/15)            Ossuary (visited)
 Temple: D:4-7


Innate Abilities, Weirdness & Mutations

You have an increased reservoir of magic. (+10% MP)


Message History

The worker ant bites you but does no damage.
You hit the worker ant but do no damage.
The worker ant is almost dead.
You block the worker ant's attack. The worker ant bites you.
* * * LOW HITPOINT WARNING * * *
You barely miss the worker ant.
The worker ant is almost dead.
The crimson imp blinks!
The worker ant closely misses you.
Your shield and scale mail prevent you from hitting the worker ant.
The worker ant is almost dead.
The worker ant bites you but does no damage.
You closely miss the worker ant.
The worker ant is almost dead.
You feel sick.
The worker ant bites you but does no damage.
The worker ant closely misses you.
You miss the worker ant.
The worker ant is almost dead.
The worker ant bites you.
You die...

#### ###########+##
...## #.....#......#
_...# #...!.#......#
8_..# #.....#..@...#
###
....####.....###a#.##
#<#
.......'.....'.5z# .#
#≈#
......##.....###.# #
#.#
......+............
..#
......#######.......#
#### ......# .......#
......# #.......#
......# #.......#


You could see a worker ant, a wight and a crimson imp.

Vanquished Creatures
  2 sky beasts
  A phantom (D:4)
  9 scorpions
  A centaur zombie (Ossuary)
  A human zombie (Ossuary)
  Terence (D:2)
  4 worker ants
  Natasha (thrice) (D:3)
  2 big kobold zombies (Ossuary)
  A hound skeleton (D:4)
  3 mummies (Ossuary)
  2 gnolls (D:1)
  3 adders
  A scorpion zombie (Ossuary)
  A worm (D:2)
  2 dart slugs
  4 leopard geckos
  3 orcs
  5 bats
  3 giant cockroaches
  3 gnoll zombies (Ossuary)
  6 goblins
  10 hobgoblins
  3 jackals (D:3)
  3 quokkas
  A frilled lizard (D:4)
  A goblin zombie (Ossuary)
  A hobgoblin zombie (Ossuary)
  4 kobolds
  A kobold zombie (Ossuary)
  2 leopard gecko skeletons
  5 orc zombies (Ossuary)
  4 rats
96 creatures vanquished.

Vanquished Creatures (others)
  A goblin zombie (Ossuary)
1 creature vanquished.

Grand Total: 97 creatures vanquished

Notes
Turn   | Place    | Note
-------+----------+-------------------------------------------
     0 | D:1      | ILIYAK777 the Demigod Fighter began the quest for the Orb.
     0 | D:1      | Reached XP level 1. HP: 18/18 MP: 3/3
  1024 | D:1      | Reached XP level 2. HP: 22/25 MP: 4/4
  1688 | D:1      | Reached XP level 3. HP: 25/30 MP: 5/5
  1854 | D:2      | Noticed Terence
  1868 | D:2      | Killed Terence
  1917 | D:2      | Reached XP level 4. HP: 37/37 MP: 6/6
  2225 | D:3      | Noticed Natasha
  2232 | D:3      | Killed Natasha
  2651 | D:3      | Noticed Natasha
  2656 | D:3      | Killed Natasha
  2656 | D:3      | Reached skill level 1 in Dodging
  2723 | D:3      | Reached XP level 5. HP: 42/45 MP: 7/7
  2914 | D:3      | Noticed Natasha
  2920 | D:3      | Killed Natasha
  3623 | D:4      | Reached skill level 1 in Short Blades
  3665 | D:4      | Noticed a phantom
  3718 | D:4      | Killed a phantom
  3718 | D:4      | Reached XP level 6. HP: 41/51 MP: 8/8
  4345 | D:5      | Entered Level 5 of the Dungeon
  4345 | D:5      | Found a sand-covered staircase.
  4371 | Ossuary  | Entered an ossuary
  4586 | Ossuary  | Reached XP level 7. HP: 57/57 MP: 9/9
  5678 | D:6      | Found a stormy altar of Qazlal.
  5678 | D:6      | Found an ancient bone altar of Kikubaaqudgha.
  5678 | D:6      | Found a radiant altar of Vehumet.
  5717 | D:6      | HP: 2/58 [worker ant (6)]
  5721 | D:6      | Slain by a worker ant

Levels and vault maps discovered:
D:1:      sevenhm_arrival_forest_fort_small_3, layout_loops_ring
D:2:      layout_rooms, uniq_terence
D:3:      layout_basic, small_statue_intersection, grunt_decor_resistance,
          uniq_natasha
D:4:      layout_basic, first_ration, hex_large
D:5:      layout_gridville, minmay_temple_entry_fiery,
          lightli_ossuary_entry_decrepit_ruins, minmay_misc_feat_tower,
          hangedman_abyss_or_decor_stabs
D:6:      layout_basic, chequers_temple_overflow_statue_of_worship,
          nzn_random_ring, uniq_menkaure
D:7:      layout_basic, the_bakery

Skill      XL: |  1  2  3  4  5  6  7 |
---------------+----------------------+-----
Long Blades    | 2 3 4 |  4.7
Armour         | 3 4 |  4.6
Shields        | 3 4 |  4.5
Dodging        | 1 |  1.5
Fighting       | 3 |  3.7
Short Blades   | 1 3 4 |  4.4
Throwing       | |  0.2

Action                   |  1- 3 |  4- 6 |  7- 9 || total
-------------------------+-------+-------+-------++-------
Melee: Long sword        |    60 |       |       ||    60
       Dagger            |    35 |   217 |   141 ||   393
       Falchion          |       |       |    86 ||    86
Throw: Dart              |     1 |     4 |       ||     5
Evoke: Wand              |       |     1 |     1 ||     2
  Use: Scroll            |       |       |     1 ||     1
       Potion            |       |       |     1 ||     1
  Eat: Ration            |     2 |     1 |       ||     3
       Chunk             |       |     9 |       ||     9
Armor: Scale mail        |    45 |    61 |    91 ||   197
Dodge: Dodged            |    31 |    46 |    24 ||   101
Block: Shield            |    54 |    81 |    81 ||   216
       Rpst.: Long sword |     8 |       |       ||     8
       Falchion          |       |       |     2 ||     2
